 Dungeon Crawl Stone Soup version 0.27-a0-1184-ge86db4a01e (webtiles) character file.

Game seed: 9428386510683350983

1279 robertstho the Cleaver (level 8, 0/59 (71) HPs)
             Began as a Minotaur Berserker on May 18, 2021.
             Was an Elder of Trog.
             Slain by a wight
             ... wielding a +0 falchion
              (2 damage)
             ... on level 7 of the Dungeon.
             The game lasted 00:05:31 (4918 turns).

robertstho the Cleaver (Minotaur Berserker)         Turns: 4918, Time: 00:05:32

HP:   0/59 (71)     AC: 13    Str: 23    XL:     8   Next: 29%
MP:   7/7           EV: 11    Int:  5    God:    Trog [****..]
Gold: 350           SH:  0    Dex: 10    Spells: 7/7 levels left

rFire    . . .     SeeInvis .   l - +0 war axe
rCold    . . .     Faith    .   (no shield)
rNeg     . . .     Spirit   .   b - +0 plate armour
rPois    .         Reflect  .   (helmet restricted)
rElec    .         Harm     .   (no cloak)
rCorr    .         Rampage  .   (no gloves)
Will     .....                  (no boots)
Stlth    ..........             (no amulet)
HPRegen  0.19/turn              a - +4 ring of evasion
MPRegen  0.10/turn              (no ring)

@: heavily drained
A: horns 2, retaliatory headbutt
a: Renounce Religion, Berserk, Trog's Hand, Brothers in Arms


You were on level 7 of the Dungeon.
You worshipped Trog.
Trog was greatly pleased with you.
You visited 1 branch of the dungeon, and saw 7 of its levels.

You collected 422 gold pieces.
You spent 72 gold pieces at shops.

Inventory:

Hand Weapons
 l - a +0 war axe (weapon)
Missiles
 h - 4 boomerangs of dispersal
 k - a throwing net
Armour
 b - a +0 plate armour (worn)
Jewellery
 a - a +4 ring of evasion (left hand)
Wands
 o - a wand of polymorph (7)
 p - a wand of paralysis (8)
Scrolls
 d - 2 scrolls of fear
 e - a scroll of blinking {unknown}
 f - 3 scrolls of teleportation
 i - 2 scrolls of enchant weapon
 m - 2 scrolls of enchant armour {unknown}
 n - a scroll of magic mapping {unknown}
Potions
 c - 2 potions of curing
 g - a potion of attraction
 j - a potion of ambrosia {unknown}


   Skills:
 + Level 6.7 Fighting
 + Level 8.6 Axes
 + Level 7.1 Armour
 + Level 2.9 Dodging
 + Level 0.6 Stealth
 + Level 0.3 Unarmed Combat


You had 7 spell levels left.
You didn't know any spells.
Your spell library was empty.

Dungeon Overview and Level Annotations

Branches:
Dungeon (7/15)             Temple (0/1) D:5

Altars:
Gozag
Hepliaklqana
Kikubaaqudgha
Xom
Zin

Shops:
D:2 ?


Innate Abilities, Weirdness & Mutations

You have a pair of horns on your head.
You reflexively headbutt those who attack you in melee.


Message History

You feel drained. The wight freezes you.
You completely miss the wight. You hit the wight.
The wight hits you from afar with a +3 spear!
You feel drained. The wight hits you with a +0 falchion!
The wight hits you but does no damage. x2
Unknown command.
Unknown command.
You barely miss the wight.
The wight is lightly damaged.
You barely miss the wight.
The wight hits you from afar with a +3 spear.
You feel drained. The wight barely misses you. You furiously retaliate!
You headbutt the wight. The wight barely misses you.
The wight hits you but does no damage.
You closely miss the wight.
You headbutt the wight, but do no damage.
The wight is moderately damaged.
You barely miss the wight. The wight barely misses you. x2
The wight hits you with a +4 hand axe. The wight hits you with a +0 falchion.
You feel drained.
Unknown command.
You hit the wight. You headbutt the wight.
The wight is severely damaged.
You hit the wight. The wight barely misses you.
The wight hits you with a +0 falchion. The wight hits you with a +4 hand axe.
You feel drained. The wight hits you but does no damage.
Unknown command.
You closely miss the wight. Your headbutt misses the wight.
The wight is severely damaged.
You hit the wight. You barely miss the wight. The wight completely misses you.
The wight barely misses you. x2
The wight hits you from afar with a +3 halberd of freezing!
You feel drained. The wight freezes you!
* * * LOW HITPOINT WARNING * * *
The wight hits you from afar with a +3 spear.
* * * LOW HITPOINT WARNING * * *
The wight hits you but does no damage. The wight hits you with a +0 falchion.
* * * LOW HITPOINT WARNING * * *
You feel drained.
You die...

#######....
##..........
##...........
#............
#.....>......
#......z.....
#...zz.......
#....@zz.....
##...........
##..........
##..#.#....
#....# ...
###### .. .


You could see 5 wights.

Vanquished Creatures
  A water moccasin (D:5)
  A sky beast (D:6)
  A necrophage (D:6)
  An ogre (D:5)
  A kobold brigand (D:6)
  2 howler monkeys
  A hound (D:5)
  A bullfrog zombie (D:5)
  A centaur zombie (D:3)
  5 orc priests
  2 centaur skeletons (D:4)
  A gnoll shaman (D:5)
  Jessica (D:2)
  3 iguanas
  3 orc wizards (D:4)
  9 gnolls
  7 adders
  2 white imps (D:6)
  An ufetubus (D:6)
  An adder zombie (D:5)
  12 orcs
  9 endoplasms
  2 giant cockroaches
  4 goblins
  8 hobgoblins
  8 jackals
  3 quokkas
  8 ball pythons
  6 bats
  3 frilled lizards (D:2)
  11 kobolds
  3 rats
122 creatures vanquished.

Notes
Turn   | Place    | Note
-------+----------+-------------------------------------------
     0 | D:1      | robertstho the Minotaur Berserker began the quest for the
                  | Orb.
     0 | D:1      | Reached XP level 1. HP: 19/19 MP: 0/0
   246 | D:1      | Reached XP level 2. HP: 27/27 MP: 1/1
   327 | D:1      | Reached skill level 4 in Axes
   708 | D:1      | Reached ** piety under Trog
   849 | D:2      | Noticed Jessica
   853 | D:2      | Killed Jessica
   854 | D:2      | Reached XP level 3. HP: 34/34 MP: 2/2
   990 | D:2      | Reached XP level 4. HP: 41/41 MP: 3/3
  1553 | D:2      | Found a faded altar of an unknown god.
  1591 | D:2      | Found Soolur's Magic Scroll Boutique.
  1595 | D:2      | Bought a scroll of noise for 12 gold pieces
  1595 | D:2      | Bought a scroll of teleportation for 36 gold pieces
  1595 | D:2      | Bought a scroll of identify for 24 gold pieces
  1721 | D:3      | Reached skill level 5 in Axes
  2139 | D:4      | Reached XP level 5. HP: 47/47 MP: 4/4
  2152 | D:4      | Reached skill level 5 in Fighting
  2156 | D:4      | Reached *** piety under Trog
  2443 | D:4      | Reached XP level 6. HP: 54/56 MP: 5/5
  2468 | D:4      | Reached skill level 6 in Axes
  2608 | D:4      | Reached skill level 5 in Armour
  3250 | D:4      | Found a hazy altar of Hepliaklqana.
  3314 | D:4      | Found a shimmering altar of Xom.
  3314 | D:4      | Found a faded altar of an unknown god.
  3322 | D:4      | Found a glowing silver altar of Zin.
  3324 | D:4      | Found an opulent altar of Gozag.
  3326 | D:4      | Found a faded altar of an unknown god.
  3448 | D:5      | Entered Level 5 of the Dungeon
  3477 | D:5      | Noticed a water moccasin
  3482 | D:5      | Killed a water moccasin
  3483 | D:5      | Reached XP level 7. HP: 60/62 MP: 6/6
  3506 | D:5      | Found a staircase to the Ecumenical Temple.
  3612 | D:5      | Reached skill level 7 in Axes
  4034 | D:5      | Found an ancient bone altar of Kikubaaqudgha.
  4235 | D:6      | Reached skill level 8 in Axes
  4235 | D:6      | Reached XP level 8. HP: 71/71 MP: 7/7
  4290 | D:6      | Reached **** piety under Trog
  4918 | D:7      | HP: 2/61 [wight/+0 falchion (5)]
  4918 | D:7      | Slain by a wight

Illustrated notes

Levels and vault maps discovered:
D:1:      elethiomel_arrival_quiet, layout_basic, minmay_statues_item
D:2:      layout_loops_ring, ebering_ecumenical_altar_box, serial_shops,
          nicolae_shop_behind_doors, chequers_avenue, uniq_jessica
D:3:      layout_rooms
D:4:      layout_basic, chequers_temple_overflow_minitemple,
          lemuel_crystal_altar
D:5:      layout_rooms, nicolae_kikubaaqudgha_miasma_corner,
          minmay_temple_entry_sparse_star, st_stairs_13,
          chequers_serial_rivers_micro_a, kennysheep_nub, hex_large
D:6:      layout_basic
D:7:      layout_rooms, serial_shops, shop_statue, gammafunk_ghost_icy,
          uniq_pikel, uniq_joseph

Skill      XL: |  1  2  3  4  5  6  7  8 |
---------------+-------------------------+-----
Fighting       | 4 5 6 |  6.7
Axes           | 4 5 6 8 |  8.6
Armour         | 3 4 5 6 7 |  7.1
Dodging        | |  2.9
Stealth        | |  0.6
Unarmed Combat | |  0.3

Action                   |  1- 3 |  4- 6 |  7- 9 || total
-------------------------+-------+-------+-------++-------
Melee: Hand axe          |    48 |   110 |       ||   158
       Headbutt          |     8 |    16 |    12 ||    36
       War axe           |       |    32 |    90 ||   122
       Unarmed           |       |       |    21 ||    21
Invok: Berserk           |     2 |     4 |     2 ||     8
       Trog's Hand       |       |     1 |       ||     1
  Use: Scroll            |     1 |     4 |       ||     5
Armor: Plate armour      |    30 |   101 |    65 ||   196
       Skin              |       |       |     4 ||     4
Dodge: Dodged            |    24 |    59 |    71 ||   154

Table legend: (Time is in decaauts)
 A = Elapsed time spent in this place.
 B = Non-inter-level travel time spent in this place.
 C = Inter-level travel time spent in this place.
 D = Time resting spent in this place.
 E = Time spent auto-exploring this place.
 F = Levels seen in this place.
 G = Mean time per level.
                   A        B        C        D        E       F      G
               +--------+--------+--------+--------+--------+-----+--------+
         Total |   4999 |   4829 |    170 |     27 |   4138 |   7 |  714.1 |
       Dungeon |   4999 |   4829 |    170 |     27 |   4138 |   7 |  714.1 |
               +--------+--------+--------+--------+--------+-----+--------+

Top non-repeatable levels by time:
     D:4: 1383 daAuts
     D:2: 885 daAuts
     D:1: 851 daAuts
     D:6: 774 daAuts
     D:5: 718 daAuts
     D:3: 378 daAuts
     D:7: 7 daAuts
